 Dungeon Crawl Stone Soup version 0.31.0-11-ge490571c62 (webtiles) character file.

Game seed: 6857746983300536128

197629 qw the Master Archer (level 18, -3/112 HPs)
             Began as a Deep Elf Hunter on Feb 3, 2024.
             Was the Champion of Okawaru.
             Killed from afar by a salamander tyrant (23 damage)
             ... on level 4 of the Snake Pit.
             The game lasted 00:09:59 (26735 turns).

qw the Master Archer (Deep Elf Hunter)             Turns: 26735, Time: 00:09:59

Health: -3/112     AC: 26    Str: 16    XL:     18   Next: 19%
Magic:  27/27      EV: 27    Int: 17    God:    Okawaru [******]
Gold:   438        SH:  0    Dex: 24    Spells: 17/17 levels left

rFire   . . .        z - +27 heavy crossbow "Sniper" {heavy, Acc+∞ SInv}
rCold   . . .        (shield currently unavailable)
rNeg    . . .        i - quicksilver dragon scales
rPois   +            y - +2 hat
rElec   .            p - +0 cloak
rCorr   .            d - +2 pair of gloves
SInv    +            B - +1 pair of boots of Qenakkea {rPois Str+2 Stlth+}
Will    ++...        t - amulet of faith
Stlth   +++          b - +6 ring of dexterity
HPRegen 0.38/turn    q - +4 ring of protection
MPRegen 0.20/turn

%: faith
@: about to teleport, weakened
A: no striking features
a: Renounce Religion, Heroism, Finesse, Duel


You were on level 4 of the Snake Pit.
You worshipped Okawaru.
Okawaru was exalted by your worship.
You visited 6 branches of the dungeon, and saw 30 of its levels.
You also visited: Gauntlet.

You collected 3551 gold pieces.
You spent 3113 gold pieces at shops.


   Skills:
 - Level 12.0 Fighting
 O Level 27 Ranged Weapons
 - Level 10.1 Armour
 + Level 19.9 Dodging
 - Level 1.2 Stealth
 - Level 10.0 Invocations


You had 17 spell levels left.
You didn't know any spells.
Your spell library was empty.

Inventory:

Hand Weapons
 z - the +27 heavy crossbow "Sniper" (weapon) {heavy, Acc+∞ SInv}
   (Okawaru gifted it to you on level 3 of the Lair of Beasts)

   Acc+∞: It never misses its target.
   SInv:      It lets you see invisible.
Armour
 d - a +2 pair of gloves (worn)
 i - quicksilver dragon scales (worn)
 l - the +1 ring mail of the Tales {rF+++ rCorr Str-2 Stlth+}
   (Okawaru gifted it to you on level 3 of the Lair of Beasts)

   Str-2:     It affects your strength (-2).
   rF+++:     It renders you almost immune to fire.
   rCorr:     It protects you from acid and corrosion.
   Stlth+:    It makes you more stealthy.
 p - a +0 cloak (worn)
 w - a +2 ring mail of fire resistance
 y - a +2 hat (worn)
 B - the +1 pair of boots of Qenakkea (worn) {rPois Str+2 Stlth+}
   (You found it in a Gauntlet)

   Str+2:     It affects your strength (+2).
   rPois:     It protects you from poison Stlth+: It makes you more stealthy.
 C - a +0 pair of boots of flying
 D - +0 swamp dragon scales
Jewellery
 b - a +6 ring of dexterity (left hand)
 q - a +4 ring of protection (right hand)
 t - an amulet of faith (around neck)
 A - an amulet of reflection
 Y - the ring "Beloe" {Ice Will+ Int+8 Dex-3 SInv}
   (You found it on level 6 of the Dungeon)

   [ring of ice]

   Ice:       It enhances your ice magic.
   Int+8:     It affects your intelligence (+8).
   Dex-3:     It affects your dexterity (-3).
   rF-:       It makes you vulnerable to fire.
   rC+:       It protects you from cold.
   Will+:     It increases your willpower.
   SInv:      It lets you see invisible.
Wands
 j - a wand of charming (11)
 k - a wand of roots (14)
 o - a wand of digging (11)
 r - a wand of mindburst (26)
 x - a wand of acid (9)
Scrolls
 g - 6 scrolls of teleportation
 u - 13 scrolls of identify
 E - 4 scrolls of enchant weapon
Potions
 a - 7 potions of haste
 c - a potion of cancellation
 e - 5 potions of might
 f - 16 potions of curing
 h - 9 potions of enlightenment
 m - 4 potions of mutation
 n - 3 potions of heal wounds
 s - 3 potions of magic
 v - 2 potions of resistance

Dungeon Overview and Level Annotations

Branches:
Dungeon (15/15)            Temple (1/1) D:4            Lair (5/5) D:11
  Swamp (3/4) Lair:2        Snake (4/4) Lair:2        Slime (0/5) Lair:5
    Orc (2/2) D:9             Elf (0/3) Orc:2        Vaults (0/5) D:14
 Depths (0/4) D:15        Gauntlet (visited)

Altars:
Ashenzari
Cheibriados
Dithmenos
Elyvilon
Fedhas
Gozag
Hepliaklqana
Kikubaaqudgha
Makhleb
Nemelex Xobeh
Okawaru
Qazlal
Ru
Sif Muna
Trog
Uskayaw
Vehumet
Wu Jian
Xom
Yredelemnul
Zin
The Shining One
Jiyva

Shops:
D:7 [   D:14 *   Orc:1 *   Orc:2 !?[*!   Snake:1 (   Snake:2 *

Annotations:
D:2 1 runed translucent door, Crazy Yiuf
D:3 2 transporters
Snake:3 3 runed translucent doors
Orc:1 1 runed translucent door, Necsenou's ghost, journeyman GnWn


Message History

The salamander tyrant rends the earth beneath you!
The blast of magma engulfs you!!!
The salamander tyrant gazes fiercely through you!
You feel as though you will be weak longer.
The salamander tyrant gazes fiercely through you!
You feel as though you will be weak longer.
Enter note:
Enter note:
Enter note:
Enter note:
Enter note:
Enter note:
Enter note:
Enter note:
Enter note:
Enter note:
Enter note:
Enter note:
Enter note:
Enter note:
Enter note:
Enter note:
Enter note:
Enter note:
Enter note:
Enter note:
Enter note:
Enter note:
Enter note:
Enter note:
Enter note:
Enter note:
Enter note:
Enter note:
26735 ||| READING 7 scrolls of teleportation.
As you read the scroll of teleportation, it crumbles to dust.
You feel strangely unstable.
The salamander tyrant rends the earth beneath you!
The blast of magma engulfs you!!
You die...

... ###...# +..#...<. ..
###.# #..#..... . ###.###
#..##.8.8
+....~#######..#....
###..~~~~~~~#.......
#...~~~~~~~##.##...
#.#.#~~~~~~~#..####
#.#####.#~..~~~~~~##.....
#...NN..@....<~~~~###....
###N)##~.~.###~~~..####.#
#.N. ####.....~##...#..#
#...) #.###### #..<..%
#.N.## #.##############
#...# ##.......# ..)#
#######.# ..# #.#
#.#######


You could see 2 salamander tyrants and a salamander mystic.

Vanquished Creatures
  Vashnia (Snake:4)
  Jorgrun (Swamp:1)
  Rupert (Lair:5)
  Mlioglotl (Swamp:3)
  A thorn hunter (Swamp:1)
  Donald (Snake:2)
  Aizul (Swamp:1)
  2 nagarajas
  Louise (Snake:4)
  An orc warlord (Orc:2)
  3 eleionomae
  A minotaur (Gauntlet)
  A dire elephant (D:15)
  Snorg (Lair:5)
  Josephine (D:13)
  A vault guard (D:14)
  12 hydras
  A salamander tyrant (Snake:4)
  4 ogre magi (Orc:2)
  9 anacondas
  7 catoblepae
  An ironbound frostheart (D:14)
  2 ghost crabs
  A death knight (D:13)
  2 boulder beetles
  6 centaur warriors
  A tengu warrior (D:15)
  16 two-headed ogres
  4 alligators
  8 naga warriors
  14 death yaks
  Urug (Lair:5)
  14 spriggans
  9 naga sharpshooters
  8 shock serpents
  6 sea snakes (Snake:4)
  6 goliath frogs
  4 spriggan druids
  2 salamander mystics (Snake:4)
  4 bog bodies
  8 naga ritualists
  14 mana vipers
  4 swamp dragons
  A lindwurm (Lair:3)
  Pikel (D:7)
  2 deep elf pyromancers
  2 orc sorcerers (Orc:1)
  2 oklob plants
  A wolf spider (D:15)
  9 manticores
  3 will-o-the-wisps
  15 ugly things
  8 salamanders
  3 guardian serpents
  2 kobold blastminers (Orc:2)
  9 elephants
  3 cyclopes
  3 meliai (D:14)
  42 black mambas
  Joseph (D:8)
  3 gargoyles
  3 orange demons (Orc:1)
  3 torpor snails (Lair:3)
  5 naga magi
  20 cane toads
  2 rime drakes
  An unseen horror (D:13)
  16 komodo dragons
  A queen bee (Lair:2)
  4 polar bears
  8 trolls
  Grinder (D:5)
  12 hornets
  3 tyrant leeches
  7 dream sheep (Lair:3)
  8 slime creatures (D:13)
  23 blink frogs
  5 shadows
  88 yaks
  6 wraiths
  A vampire (D:14)
  Eustachio (D:5)
  11 wyverns
  13 basilisks
  A human (D:14)
  18 vampire mosquitoes
  3 steam dragons
  3 wargs
  16 swamp worms
  5 acid dragons
  17 water moccasins
  29 nagas
  A black bear (Lair:1)
  3 sky beasts
  16 orc warriors
  3 swamp drakes
  4 ice beasts
  28 ogres
  5 centaurs
  9 wolves
  A wolf (shapeshifter) (D:14)
  3 lemures (D:7)
  2 phantoms
  3 kobold brigands
  Blork the orc (D:6)
  10 bullfrogs
  A gnoll sergeant (D:12)
  8 scorpions
  15 wights
  A hornet simulacrum (D:15)
  29 killer bees (Lair:2)
  An electric eel (Snake:4)
  7 howler monkeys
  11 jellies
  5 orc priests
  2 bombardier beetles
  A gnoll bouda (D:10)
  7 hounds
  Jessica (D:2)
  4 iguanas
  2 sleepcaps
  21 orc wizards
  Natasha (D:2)
  7 hell rats
  15 gnolls
  4 river rats
  8 adders
  A shadow imp (D:5)
  A white imp (D:7)
  2 ufetubi (D:6)
  3 ribbon worms
  3 dart slugs (D:1)
  50 orcs
  4 bats
  9 endoplasms
  3 giant cockroaches
  9 goblins
  7 hobgoblins
  8 jackals
  A quokka (D:4)
  5 ball pythons
  15 kobolds
  9 rats
1001 creatures vanquished.

Vanquished Creatures (others)
  2 foxfires (Swamp:1)
2 creatures vanquished.

Grand Total: 1003 creatures vanquished

Notes
Turn   | Place    | Note
-------+----------+-------------------------------------------
     0 | D:1      | qw the Deep Elf Hunter began the quest for the Orb.
     0 | D:1      | Reached XP level 1. HP: 12/12 MP: 3/3
     0 | D:1      | 0 ||| qw: Version: 0.3-a-155-g5e7d8dd
     0 | D:1      | 0 ||| qw: Game counter: 3483
     0 | D:1      | 0 ||| qw: Melee chars always use a shield: true
     0 | D:1      | 0 ||| qw: God list: Okawaru
     0 | D:1      | 0 ||| qw: Allow faded altars: false
     0 | D:1      | 0 ||| qw: Do Orc after clearing Dungeon:15 true
     0 | D:1      | 0 ||| qw: Do second Lair branch before Depths: true
     0 | D:1      | 0 ||| qw: Lair rune preference: random
     0 | D:1      | 0 ||| qw: Goals: Normal
     0 | D:1      | 0 ||| PLANNING D:1-11
    84 | D:1      | Reached skill level 6 in Ranged Weapons
    84 | D:1      | Reached XP level 2. HP: 16/16 MP: 4/4
   555 | D:1      | 555 ||| UPGRADING to +0 ring mail.
   565 | D:1      | 565 ||| DROPPING +0 leather armour.
   566 | D:1      | 566 ||| UPGRADING to +0 pair of boots.
   571 | D:1      | 571 ||| DROPPING ring of magical power.
   572 | D:1      | 572 ||| READING scroll labelled AZANNIKHLOBUK.
   573 | D:1      | 573 ||| READING 2 scrolls labelled JUERITYUMAN.
   573 | D:1      | 573 ||| IDENTIFYING viscous yellow potion
   574 | D:1      | 574 ||| READING scroll of identify.
   574 | D:1      | 574 ||| IDENTIFYING 3 orange potions
   575 | D:1      | 575 ||| READING scroll labelled BUYF TOGUAQA.
   575 | D:1      | 575 ||| BRANDING +0 shortbow.
   576 | D:1      | 576 ||| READING scroll labelled DEHUWIQ CASOS.
   577 | D:1      | 577 ||| READING scroll labelled POILYBL JIMI.
   605 | D:1      | 605 ||| READING 2 scrolls labelled YTHROTRECVE.
   606 | D:1      | 606 ||| DROPPING scroll of butterflies.
   607 | D:1      | 607 ||| DROPPING scroll of revelation.
   649 | D:2      | Reached XP level 3. HP: 17/20 MP: 5/5
   712 | D:2      | Noticed Jessica
   720 | D:2      | Killed Jessica
   721 | D:2      | Reached skill level 7 in Ranged Weapons
   721 | D:2      | Reached XP level 4. HP: 9/25 MP: 6/6
   864 | D:2      | Reached skill level 8 in Ranged Weapons
  1276 | D:2      | Noticed Natasha
  1283 | D:2      | Killed Natasha
  1284 | D:2      | Reached XP level 5. HP: 29/29 MP: 7/7
  1326 | D:2      | Found a runed translucent door.
  1327 | D:2      | Noticed Crazy Yiuf
  1491 | D:2      | 1491 ||| READING scroll of identify.
  1491 | D:2      | 1491 ||| IDENTIFYING cyan potion
  1492 | D:2      | 1492 ||| READING scroll labelled QUEPSA XOGO.
  1492 | D:2      | 1492 ||| ENCHANTING +0 shortbow of draining.
  1493 | D:2      | 1493 ||| READING scroll labelled TOHIDUNIQI.
  1494 | D:2      | 1494 ||| READING 2 scrolls labelled COIMEL CALY.
  1590 | D:3      | Found a transporter.
  1617 | D:3      | Reached skill level 9 in Ranged Weapons
  1787 | D:3      | Noticed an ice beast
  1838 | D:3      | Found an opulent altar of Gozag.
  1862 | D:3      | Found an ornate altar of the Wu Jian Council.
  1873 | D:3      | Found a transporter.
  1955 | D:3      | Identified the +4 whip of the Dwarven Hall {protect, Dex+5}
  1987 | D:3      | 1987 ||| UPGRADING to +0 helmet.
  1992 | D:3      | 1992 ||| READING scroll labelled GAPITTIFES.
  1992 | D:3      | Identified a scroll of acquirement
  1992 | D:3      | 1992 ||| ACQUIRING +2 orcbow of electrocution
  1992 | D:3      | Acquired a +2 orcbow of electrocution
  1994 | D:3      | 1994 ||| SWAPPING to +2 orcbow of electrocution.
  1995 | D:3      | 1995 ||| DROPPING +1 shortbow of draining.
  1996 | D:3      | 1996 ||| DRINKING 2 metallic green potions.
  1997 | D:3      | 1997 ||| FLEEEEING.
  1998 | D:3      | 1998 ||| FLEEEEING.
  1999 | D:3      | 1999 ||| STAIRDANCE
  2001 | D:2      | 2001 ||| FLEEEEING.
  2002 | D:2      | 2002 ||| FLEEEEING.
  2003 | D:2      | 2003 ||| FLEEEEING.
  2004 | D:2      | 2004 ||| FLEEEEING.
  2005 | D:2      | 2005 ||| FLEEEEING.
  2006 | D:2      | 2006 ||| FLEEEEING.
  2007 | D:2      | 2007 ||| FLEEEEING.
  2008 | D:2      | 2008 ||| FLEEEEING.
  2009 | D:2      | 2009 ||| FLEEEEING.
  2010 | D:2      | 2010 ||| FLEEEEING.
  2011 | D:2      | 2011 ||| FLEEEEING.
  2012 | D:2      | 2012 ||| FLEEEEING.
  2013 | D:2      | 2013 ||| FLEEEEING.
  2014 | D:2      | 2014 ||| FLEEEEING.
  2015 | D:2      | 2015 ||| FLEEEEING.
  2016 | D:2      | 2016 ||| FLEEEEING.
  2017 | D:2      | 2017 ||| FLEEEEING.
  2018 | D:2      | 2018 ||| FLEEEEING.
  2019 | D:2      | 2019 ||| FLEEEEING.
  2020 | D:2      | 2020 ||| FLEEEEING.
  2021 | D:2      | 2021 ||| FLEEEEING.
  2022 | D:2      | 2022 ||| FLEEEEING.
  2023 | D:2      | 2023 ||| FLEEEEING.
  2024 | D:2      | 2024 ||| FLEEEEING.
  2025 | D:2      | 2025 ||| FLEEEEING.
  2026 | D:2      | 2026 ||| FLEEEEING.
  2027 | D:2      | 2027 ||| FLEEEEING.
  2028 | D:2      | 2028 ||| FLEEEEING.
  2029 | D:2      | 2029 ||| FLEEEEING.
  2030 | D:2      | 2030 ||| FLEEEEING.
  2031 | D:2      | 2031 ||| FLEEEEING.
  2032 | D:2      | 2032 ||| FLEEEEING.
  2033 | D:2      | 2033 ||| FLEEEEING.
  2034 | D:2      | 2034 ||| FLEEEEING.
  2035 | D:2      | 2035 ||| FLEEEEING.
  2036 | D:2      | 2036 ||| FLEEEEING.
  2037 | D:2      | 2037 ||| FLEEEEING.
  2038 | D:2      | 2038 ||| FLEEEEING.
  2069 | D:2      | 2069 ||| DROPPING potion of berserk rage.
  2211 | D:4      | Reached XP level 6. HP: 35/35 MP: 8/8
  2241 | D:4      | Reached skill level 1 in Armour
  2250 | D:4      | Found a staircase to the Ecumenical Temple.
  2252 | D:4      | 2252 ||| PLANNING TEMPLE
  2252 | D:4      | 2252 ||| UPGRADING to +0 pair of gloves.
  2257 | D:4      | 2257 ||| READING scroll of identify.
  2257 | D:4      | 2257 ||| IDENTIFYING smoky amethyst potion
  2258 | D:4      | 2258 ||| READING 2 scrolls labelled HITHO DETYMOS.
  2259 | D:4      | 2259 ||| DROPPING scroll of poison.
  2261 | D:4      | 2261 ||| Stepping ~*~*~tactically~*~*~ (cloud).
  2361 | Temple   | Entered the Ecumenical Temple
  2362 | Temple   | 2362 ||| PLANNING D:1-11
  2714 | D:3      | Found a sacrificial altar of Ru.
  2714 | D:3      | Found a radiant altar of Vehumet.
  2714 | D:3      | Found a hazy altar of Hepliaklqana.
  2714 | D:3      | Found a blossoming altar of Fedhas.
  2796 | D:5      | Entered Level 5 of the Dungeon
  2847 | D:5      | 2847 ||| RETREEEEATING.
  2853 | D:5      | Reached skill level 10 in Ranged Weapons
  2888 | D:5      | Noticed Eustachio
  2902 | D:5      | Killed Eustachio
  2903 | D:5      | Reached XP level 7. HP: 40/40 MP: 9/9
  3014 | D:5      | 3014 ||| RETREEEEATING.
  3016 | D:5      | 3016 ||| RETREEEEATING.
  3018 | D:5      | 3018 ||| RETREEEEATING.
  3021 | D:5      | 3021 ||| RETREEEEATING.
  3024 | D:5      | Reached skill level 11 in Ranged Weapons
  3053 | D:5      | Reached XP level 8. HP: 44/44 MP: 10/10
  3057 | D:5      | Reached skill level 12 in Ranged Weapons
  3150 | D:5      | 3150 ||| READING scroll of enchant weapon.
  3150 | D:5      | 3150 ||| ENCHANTING +2 orcbow of electrocution.
  3456 | D:5      | Reached skill level 3 in Fighting
  3472 | D:5      | Noticed Grinder
  3475 | D:5      | Killed Grinder
  3538 | D:5      | Found an iron altar of Okawaru.
  3539 | D:5      | 3539 ||| PLANNING OKAWARU WORSHIP
  3539 | D:5      | 3539 ||| UPGRADING to +3 leather armour of positive energy.
  3549 | D:5      | 3549 ||| DROPPING +0 ring mail.
  3550 | D:5      | 3550 ||| UPGRADING to +0 cloak.
  3555 | D:5      | 3555 ||| UPGRADING to amulet of the acrobat.
  3560 | D:5      | 3560 ||| READING scroll of identify.
  3560 | D:5      | 3560 ||| IDENTIFYING lumpy pink potion
  3561 | D:5      | 3561 ||| DROPPING potion of magic.
  3569 | D:5      | Became a worshipper of Warmaster Okawaru
  3570 | D:5      | 3570 ||| PLANNING D:1-11
  3574 | D:5      | Found a shadowy altar of Dithmenos.
  3841 | D:6      | Reached skill level 13 in Ranged Weapons
  3892 | D:6      | Reached * piety under Okawaru
  3902 | D:6      | Reached skill level 1 in Invocations
  3927 | D:6      | Identified the ring "Beloe" {Ice Will+ Int+8 Dex-3 SInv}
  3998 | D:6      | Reached XP level 9. HP: 51/51 MP: 10/12
  4026 | D:6      | Found a sparkling altar of Nemelex Xobeh.
  4037 | D:6      | Reached skill level 14 in Ranged Weapons
  4201 | D:6      | Reached skill level 3 in Invocations
  4318 | D:6      | Noticed Blork the orc
  4320 | D:6      | 4320 ||| INVOKING Heroism.
  4324 | D:6      | Killed Blork the orc
  4348 | D:6      | Reached skill level 6 in Dodging
  4559 | D:6      | 4559 ||| UPGRADING to ring "Beloe" {Ice Will+ Int+8 Dex-3
                  | SInv}.
  4560 | D:6      | 4560 ||| UPGRADING to +4 ring of protection.
  4604 | D:7      | Noticed Pikel
  4605 | D:7      | 4605 ||| RETREEEEATING.
  4608 | D:7      | 4608 ||| INVOKING Heroism.
  4609 | D:7      | 4609 ||| RETREEEEATING.
  4631 | D:7      | Killed Pikel
  4663 | D:7      | Reached skill level 15 in Ranged Weapons
  4667 | D:7      | Found a hide-covered altar of Uskayaw.
  4670 | D:7      | Noticed a +0 hand axe
  4670 | D:7      | Noticed a +0 dagger
  4744 | D:7      | Reached ** piety under Okawaru
  4767 | D:7      | 4767 ||| READING 2 scrolls of enchant weapon.
  4767 | D:7      | 4767 ||| ENCHANTING +3 orcbow of electrocution.
  4768 | D:7      | 4768 ||| READING scroll of enchant weapon.
  4768 | D:7      | 4768 ||| ENCHANTING +4 orcbow of electrocution.
  4873 | D:7      | 4873 ||| READING 3 scrolls of brand weapon.
  4873 | D:7      | 4873 ||| BRANDING +5 orcbow of electrocution.
  4874 | D:7      | 4874 ||| READING 2 scrolls of brand weapon.
  4874 | D:7      | 4874 ||| BRANDING +5 orcbow of chaos.
  4875 | D:7      | 4875 ||| READING scroll of brand weapon.
  4875 | D:7      | 4875 ||| BRANDING +5 orcbow of flaming.
  4930 | D:7      | Found Kucoered's Antique Armour Emporium.
  4937 | D:7      | 4937 ||| BUYING runed robe (77 gold).
  4937 | D:7      | Bought a runed robe for 77 gold pieces
  5318 | D:7      | Found a flagged portal.
  5369 | D:7      | 5369 ||| DROPPING +1 robe.
  5370 | D:7      | 5370 ||| UPGRADING to +0 troll leather armour.
  5380 | D:7      | 5380 ||| DROPPING +3 leather armour of positive energy.
  5381 | D:7      | 5381 ||| UPGRADING to amulet of faith.
  5391 | D:7      | 5391 ||| READING 6 scrolls of identify.
  5391 | D:7      | 5391 ||| IDENTIFYING sapphire potion
  5392 | D:7      | 5392 ||| READING 5 scrolls of identify.
  5392 | D:7      | 5392 ||| IDENTIFYING 2 golden potions
  5468 | D:8      | Noticed Joseph
  5469 | D:8      | 5469 ||| INVOKING Heroism.
  5477 | D:8      | Killed Joseph
  5478 | D:8      | Reached skill level 16 in Ranged Weapons
  5478 | D:8      | Reached XP level 10. HP: 44/56 MP: 13/15
  5560 | D:8      | 5560 ||| RETREEEEATING.
  5601 | D:8      | You fall into a shaft and drop 2 floors!
  5601 | D:10     | Entered Level 10 of the Dungeon
  5622 | D:10     | Reached *** piety under Okawaru
  5666 | D:10     | 5666 ||| UPGRADING to +2 robe of resistance.
  5676 | D:10     | 5676 ||| UPGRADING to +2 hat.
  5686 | D:10     | 5686 ||| DROPPING +0 helmet.
  5687 | D:10     | 5687 ||| READING 4 scrolls of identify.
  5687 | D:10     | 5687 ||| IDENTIFYING 2 fizzy brown potions
  5688 | D:10     | 5688 ||| DROPPING 2 potions of ambrosia.
  5731 | D:9      | 5731 ||| READING scroll of brand weapon.
  5731 | D:9      | 5731 ||| BRANDING +5 orcbow of freezing.
  5743 | D:9      | Found a staircase to the Orcish Mines.
  6036 | D:8      | 6036 ||| READING 3 scrolls of identify.
  6036 | D:8      | 6036 ||| IDENTIFYING fuming emerald potion
  6037 | D:8      | 6037 ||| DROPPING potion of brilliance.
  6413 | D:9      | Noticed a cyclops
  6414 | D:9      | 6414 ||| INVOKING Heroism.
  6418 | D:9      | Killed a cyclops
  6528 | D:9      | 6528 ||| Stepping ~*~*~tactically~*~*~ (cloud).
  6531 | D:9      | Reached **** piety under Okawaru
  6532 | D:9      | 6532 ||| Stepping ~*~*~tactically~*~*~ (cloud).
  6557 | D:9      | Reached skill level 6 in Fighting
  6579 | D:9      | Noticed a two-headed ogre
  6580 | D:9      | 6580 ||| INVOKING Finesse.
  6585 | D:9      | Killed a two-headed ogre
  6586 | D:9      | Reached skill level 9 in Dodging
  6887 | D:9      | 6887 ||| READING 2 scrolls of identify.
  6887 | D:9      | 6887 ||| IDENTIFYING scroll labelled JOFFOSK QIMU
  6888 | D:9      | 6888 ||| READING scroll of identify.
  6888 | D:9      | 6888 ||| IDENTIFYING 2 scrolls labelled XUMNEY RESOCW
  6889 | D:9      | 6889 ||| DROPPING 2 scrolls of blinking.
  6890 | D:9      | 6890 ||| DROPPING scroll of fear.
  6959 | D:10     | 6959 ||| RETREEEEATING.
  6961 | D:10     | 6961 ||| RETREEEEATING.
  6966 | D:10     | 6966 ||| INVOKING Finesse.
  6989 | D:10     | Reached XP level 11. HP: 45/66 MP: 11/17
  7002 | D:10     | Reached skill level 6 in Invocations
  7097 | D:10     | Reached ***** piety under Okawaru
  7353 | D:10     | 7353 ||| RETREEEEATING.
  7354 | D:10     | 7354 ||| RETREEEEATING.
  7641 | D:10     | 7641 ||| UPGRADING to +6 ring of dexterity.
  7643 | D:10     | 7643 ||| DROPPING +6 ring of strength.
  7644 | D:10     | 7644 ||| READING scroll of identify.
  7644 | D:10     | 7644 ||| IDENTIFYING silvery potion
  7645 | D:10     | 7645 ||| DROPPING potion of lignification.
  7793 | D:11     | Noticed a deep elf pyromancer
  7795 | D:11     | 7795 ||| INVOKING Finesse.
  7809 | D:11     | 7809 ||| INVOKING Finesse.
  7833 | D:11     | Killed a deep elf pyromancer
  7833 | D:11     | Received a gift from Okawaru
  8071 | D:11     | Found a staircase to the Lair.
  8120 | D:11     | Found an iron altar of Okawaru.
  8241 | D:11     | 8241 ||| READING scroll of enchant weapon.
  8241 | D:11     | 8241 ||| ENCHANTING +5 orcbow of flaming.
  8396 | D:11     | 8396 ||| INVOKING Finesse.
  8664 | D:11     | 8664 ||| PLANNING LAIR
  8664 | D:11     | 8664 ||| DROPPING ring of willpower.
  8665 | D:11     | 8665 ||| DROPPING ring of wizardry.
  8666 | D:11     | 8666 ||| READING scroll labelled TICAMP ELASIDYO.
  8726 | Lair:1   | Entered Level 1 of the Lair of Beasts
  8740 | Lair:1   | Reached skill level 9 in Invocations
  8766 | Lair:1   | Received a gift from Okawaru
  9357 | Lair:1   | 9357 ||| READING scroll labelled JEQIJO KUNTAK.
  9458 | Lair:1   | 9458 ||| READING scroll labelled RUURUMM OLUQI.
  9458 | Lair:1   | 9458 ||| ENCHANTING +0 pair of gloves.
  9587 | Lair:2   | Reached XP level 12. HP: 72/72 MP: 21/21
  9611 | Lair:2   | Reached skill level 12 in Dodging
  9623 | Lair:2   | 9623 ||| RETREEEEATING.
  9625 | Lair:2   | 9625 ||| RETREEEEATING.
  9627 | Lair:2   | 9627 ||| RETREEEEATING.
  9629 | Lair:2   | 9629 ||| RETREEEEATING.
  9631 | Lair:2   | 9631 ||| RETREEEEATING.
  9633 | Lair:2   | 9633 ||| RETREEEEATING.
  9634 | Lair:2   | 9634 ||| RETREEEEATING.
  9635 | Lair:2   | 9635 ||| RETREEEEATING.
  9636 | Lair:2   | 9636 ||| RETREEEEATING.
  9637 | Lair:2   | 9637 ||| INVOKING Finesse.
  9655 | Lair:2   | Received a gift from Okawaru
  9720 | Lair:2   | Noticed a six-headed hydra
  9721 | Lair:2   | 9721 ||| INVOKING Finesse.
  9722 | Lair:2   | Noticed a catoblepas
  9725 | Lair:2   | Killed a six-headed hydra
  9732 | Lair:2   | Killed a catoblepas
  9782 | Lair:2   | 9782 ||| RETREEEEATING.
  9836 | Lair:2   | 9836 ||| RETREEEEATING.
  9950 | Lair:2   | 9950 ||| RETREEEEATING.
  9952 | Lair:2   | 9952 ||| RETREEEEATING.
 10074 | Lair:2   | 10074 ||| RETREEEEATING.
 10078 | Lair:2   | 10078 ||| RETREEEEATING.
 10080 | Lair:2   | 10080 ||| RETREEEEATING.
 10088 | Lair:2   | Received a gift from Okawaru
 10111 | Lair:2   | 10111 ||| RETREEEEATING.
 10119 | Lair:2   | 10119 ||| RETREEEEATING.
 10124 | Lair:2   | 10124 ||| RETREEEEATING.
 10125 | Lair:2   | 10125 ||| RETREEEEATING.
 10126 | Lair:2   | 10126 ||| RETREEEEATING.
 10127 | Lair:2   | 10127 ||| RETREEEEATING.
 10128 | Lair:2   | 10128 ||| RETREEEEATING.
 10129 | Lair:2   | 10129 ||| RETREEEEATING.
 10130 | Lair:2   | 10130 ||| RETREEEEATING.
 10131 | Lair:2   | 10131 ||| RETREEEEATING.
 10132 | Lair:2   | 10132 ||| RETREEEEATING.
 10133 | Lair:2   | 10133 ||| RETREEEEATING.
 10134 | Lair:2   | 10134 ||| RETREEEEATING.
 10135 | Lair:2   | 10135 ||| RETREEEEATING.
 10136 | Lair:2   | 10136 ||| RETREEEEATING.
 10137 | Lair:2   | 10137 ||| RETREEEEATING.
 10138 | Lair:2   | 10138 ||| RETREEEEATING.
 10139 | Lair:2   | 10139 ||| INVOKING Finesse.
 10167 | Lair:2   | Reached skill level 15 in Dodging
 10378 | Lair:2   | Noticed a six-headed hydra
 10379 | Lair:2   | 10379 ||| INVOKING Finesse.
 10386 | Lair:2   | Killed a six-headed hydra
 10413 | Lair:2   | Noticed an eight-headed hydra
 10417 | Lair:2   | 10417 ||| INVOKING Finesse.
 10423 | Lair:2   | Killed an eight-headed hydra
 10458 | Lair:2   | Found a staircase to the Swamp.
 10591 | Lair:2   | Reached skill level 9 in Fighting
 10591 | Lair:2   | Reached XP level 13. HP: 80/80 MP: 22/22
 10628 | Lair:2   | Found a staircase to the Snake Pit.
 10827 | Lair:2   | Identified the +5 war axe "Putuntu" {heavy, rPois rN+
                  | Stlth+}
 11068 | Lair:2   | 11068 ||| DROPPING scarf of invisibility.
 11069 | Lair:2   | 11069 ||| DROPPING ring of positive energy.
 11070 | Lair:2   | 11070 ||| READING scroll of identify.
 11070 | Lair:2   | 11070 ||| IDENTIFYING 3 puce potions
 11071 | Lair:2   | 11071 ||| READING scroll labelled VOET HAMACAUN.
 11432 | Lair:3   | 11432 ||| RETREEEEATING.
 11435 | Lair:3   | 11435 ||| RETREEEEATING.
 11437 | Lair:3   | 11437 ||| RETREEEEATING.
 11440 | Lair:3   | 11440 ||| RETREEEEATING.
 11441 | Lair:3   | 11441 ||| INVOKING Finesse.
 11507 | Lair:3   | 11507 ||| Stepping ~*~*~tactically~*~*~ (cloud).
 11510 | Lair:3   | 11510 ||| Stepping ~*~*~tactically~*~*~ (cloud).
 11512 | Lair:3   | Received a gift from Okawaru
 11522 | Lair:3   | Reached skill level 3 in Armour
 11601 | Lair:3   | Reached ****** piety under Okawaru
 11673 | Lair:3   | 11673 ||| INVOKING Receive Weapon.
 11673 | Lair:3   | 11673 ||| ACQUIRING +27 heavy crossbow "Sniper" {heavy,
                  | Acc+∞ SInv}
 11673 | Lair:3   | Acquired the +27 heavy crossbow "Sniper" {heavy, Acc+∞
                  | SInv}
 11673 | Lair:3   | Received a gift from Okawaru
 11673 | Lair:3   | Found the +27 heavy crossbow "Sniper" {heavy, Acc+∞ SInv}
 11674 | Lair:3   | 11674 ||| INVOKING Receive Armour.
 11674 | Lair:3   | 11674 ||| ACQUIRING +1 ring mail of the Tales {rF+++ rCorr
                  | Str-2 Stlth+}
 11674 | Lair:3   | Acquired the +1 ring mail of the Tales {rF+++ rCorr Str-2
                  | Stlth+}
 11674 | Lair:3   | Received a gift from Okawaru
 11676 | Lair:3   | 11676 ||| SWAPPING to +27 heavy crossbow "Sniper" {heavy,
                  | Acc+∞ SInv}.
 11677 | Lair:3   | 11677 ||| DROPPING +6 orcbow of flaming.
 11735 | Lair:3   | 11735 ||| RETREEEEATING.
 11805 | Lair:3   | Received a gift from Okawaru
 11905 | Lair:3   | 11905 ||| RETREEEEATING.
 11907 | Lair:3   | Reached skill level 17 in Ranged Weapons
 11982 | Lair:3   | 11982 ||| INVOKING Finesse.
 11988 | Lair:3   | Reached skill level 18 in Ranged Weapons
 11988 | Lair:3   | Received a gift from Okawaru
 12182 | Lair:3   | 12182 ||| Stepping ~*~*~tactically~*~*~ (cloud).
 12197 | Lair:3   | 12197 ||| INVOKING Finesse.
 12567 | Lair:3   | 12567 ||| RETREEEEATING.
 12569 | Lair:3   | 12569 ||| RETREEEEATING.
 12572 | Lair:3   | 12572 ||| RETREEEEATING.
 12573 | Lair:3   | 12573 ||| RETREEEEATING.
 12579 | Lair:3   | 12579 ||| RETREEEEATING.
 12580 | Lair:3   | 12580 ||| RETREEEEATING.
 12582 | Lair:3   | Reached skill level 19 in Ranged Weapons
 12652 | Lair:3   | 12652 ||| UPGRADING to +1 ring mail of the Tales {rF+++
                  | rCorr Str-2 Stlth+}.
 12662 | Lair:3   | 12662 ||| DROPPING +2 robe of resistance.
 12663 | Lair:3   | 12663 ||| DROPPING amulet of the acrobat.
 12664 | Lair:3   | 12664 ||| DROPPING ring of resist corrosion.
 12697 | Lair:4   | 12697 ||| PLANNING GAUNTLET
 12699 | Lair:4   | Received a gift from Okawaru
 12703 | Lair:4   | 12703 ||| RETREEEEATING.
 12704 | Lair:4   | 12704 ||| RETREEEEATING.
 12708 | Lair:4   | 12708 ||| RETREEEEATING.
 12709 | Lair:4   | 12709 ||| RETREEEEATING.
 12710 | Lair:4   | 12710 ||| RETREEEEATING.
 12712 | Lair:4   | Reached XP level 14. HP: 77/86 MP: 23/23
 12753 | Lair:4   | Found a gate leading to a gauntlet.
 12762 | Gauntlet | Entered a Gauntlet
 12762 | Gauntlet | Found a transporter.
 12771 | Gauntlet | Found a transporter.
 12786 | Gauntlet | Found a transporter.
 12787 | Gauntlet | Found a transporter.
 12807 | Gauntlet | Found a transporter.
 12809 | Gauntlet | Found the +10 tower shield of Ignorance {rN+ Int-4}
 12818 | Gauntlet | Found a runed translucent door.
 12820 | Gauntlet | Found a transporter.
 12833 | Gauntlet | Found a transporter.
 12853 | Gauntlet | Found a transporter.
 12857 | Gauntlet | Found a transporter.
 12859 | Gauntlet | Found a runed translucent door.
 12865 | Gauntlet | Found a transporter.
 12873 | Gauntlet | Found a runed translucent door.
 12887 | Gauntlet | Found a transporter.
 12889 | Gauntlet | Found a transporter.
 12893 | Gauntlet | Found a runed translucent door.
 12945 | Gauntlet | 12945 ||| Stepping ~*~*~tactically~*~*~ (cloud).
 13007 | Gauntlet | Identified the ring of Dipaekk {rElec MP+9}
 13009 | Gauntlet | 13009 ||| DROPPING ring of Dipaekk {rElec MP+9}.
 13056 | Gauntlet | Identified the ring of Mutaplo {Ice Int+4}
 13063 | Gauntlet | 13063 ||| DROPPING ring of Mutaplo {Ice Int+4}.
 13266 | Gauntlet | Identified the +1 pair of boots of Qenakkea {rPois Str+2
                  | Stlth+}
 13285 | Gauntlet | 13285 ||| UPGRADING to quicksilver dragon scales.
 13295 | Gauntlet | 13295 ||| DROPPING +1 steam dragon scales.
 13296 | Gauntlet | 13296 ||| DROPPING +0 troll leather armour.
 13297 | Gauntlet | 13297 ||| UPGRADING to +1 pair of boots of Qenakkea {rPois
                  | Str+2 Stlth+}.
 13307 | Gauntlet | 13307 ||| DROPPING +0 pair of boots.
 13322 | Lair:4   | 13322 ||| PLANNING LAIR
 13426 | Lair:4   | 13426 ||| RETREEEEATING.
 13427 | Lair:4   | Received a gift from Okawaru
 13429 | Lair:4   | 13429 ||| RETREEEEATING.
 13432 | Lair:4   | 13432 ||| RETREEEEATING.
 13438 | Lair:4   | Reached skill level 20 in Ranged Weapons
 13926 | Lair:3   | Received a gift from Okawaru
 13993 | Lair:3   | 13993 ||| DROPPING +6 ring of intelligence.
 14107 | Lair:4   | Reached skill level 21 in Ranged Weapons
 14666 | Lair:5   | Entered Level 5 of the Lair of Beasts
 14711 | Lair:5   | Received a gift from Okawaru
 14791 | Lair:5   | 14791 ||| RETREEEEATING.
 14792 | Lair:5   | 14792 ||| RETREEEEATING.
 14793 | Lair:5   | 14793 ||| RETREEEEATING.
 14794 | Lair:5   | 14794 ||| RETREEEEATING.
 14795 | Lair:5   | 14795 ||| RETREEEEATING.
 14796 | Lair:5   | 14796 ||| RETREEEEATING.
 14797 | Lair:5   | 14797 ||| RETREEEEATING.
 14798 | Lair:5   | 14798 ||| RETREEEEATING.
 14799 | Lair:5   | 14799 ||| RETREEEEATING.
 14880 | Lair:5   | Noticed Urug
 14881 | Lair:5   | Killed Urug
 14882 | Lair:5   | Reached skill level 22 in Ranged Weapons
 14886 | Lair:5   | Found a staircase to the Slime Pits.
 14888 | Lair:5   | Found a viscous altar of Jiyva.
 14985 | Lair:5   | Noticed Rupert
 14986 | Lair:5   | 14986 ||| INVOKING Finesse.
 14989 | Lair:5   | Killed Rupert
 15035 | Lair:5   | Noticed Snorg
 15037 | Lair:5   | Killed Snorg
 15136 | Lair:5   | Identified the +3 leather armour of Vlad {+Inv rCorr SInv}
 15213 | Lair:5   | Received a gift from Okawaru
 15305 | Lair:5   | 15305 ||| Stepping ~*~*~tactically~*~*~ (cloud).
 15384 | Lair:5   | 15384 ||| RETREEEEATING.
 15385 | Lair:5   | 15385 ||| RETREEEEATING.
 15388 | Lair:5   | 15388 ||| RETREEEEATING.
 15389 | Lair:5   | 15389 ||| RETREEEEATING.
 15390 | Lair:5   | 15390 ||| RETREEEEATING.
 15391 | Lair:5   | 15391 ||| RETREEEEATING.
 15392 | Lair:5   | 15392 ||| RETREEEEATING.
 15393 | Lair:5   | 15393 ||| INVOKING Finesse.
 15397 | Lair:5   | Reached XP level 15. HP: 63/90 MP: 18/24
 15404 | Lair:5   | Reached skill level 23 in Ranged Weapons
 15520 | Lair:5   | Received a gift from Okawaru
 15547 | Lair:5   | 15547 ||| RETREEEEATING.
 15815 | Lair:5   | 15815 ||| PLANNING D
 15815 | Lair:5   | 15815 ||| READING 4 scrolls of identify.
 15815 | Lair:5   | 15815 ||| IDENTIFYING smoky green potion
 15816 | Lair:5   | 15816 ||| READING 3 scrolls of identify.
 15816 | Lair:5   | 15816 ||| IDENTIFYING fizzy blue potion
 15817 | Lair:5   | 15817 ||| READING 2 scrolls of identify.
 15817 | Lair:5   | 15817 ||| IDENTIFYING lumpy inky potion
 15818 | Lair:5   | 15818 ||| DROPPING potion of degeneration.
 15819 | Lair:5   | 15819 ||| DROPPING potion of attraction.
 16746 | D:13     | Received a gift from Okawaru
 16899 | D:13     | Noticed Josephine
 16902 | D:13     | Killed Josephine
 16903 | D:13     | Reached skill level 24 in Ranged Weapons
 17091 | D:13     | Found a shimmering altar of Xom.
 17092 | D:13     | Found a shimmering altar of Xom.
 17092 | D:13     | Found a shimmering altar of Xom.
 17092 | D:13     | Found a shimmering altar of Xom.
 17093 | D:13     | Found a shimmering altar of Xom.
 17093 | D:13     | Found a shimmering altar of Xom.
 17529 | D:14     | Received a gift from Okawaru
 17534 | D:14     | Found a faded altar of an unknown god.
 17654 | D:14     | 17654 ||| RETREEEEATING.
 17655 | D:14     | 17655 ||| RETREEEEATING.
 17656 | D:14     | 17656 ||| RETREEEEATING.
 17657 | D:14     | 17657 ||| RETREEEEATING.
 17691 | D:14     | Found Oranucog's General Store.
 17708 | D:14     | 17708 ||| BUYING potion of curing (45 gold).
 17708 | D:14     | Bought a potion of curing for 45 gold pieces
 17708 | D:14     | 17708 ||| BUYING scroll of identify (30 gold).
 17708 | D:14     | Bought a scroll of identify for 30 gold pieces
 17708 | D:14     | 17708 ||| BUYING wand of acid (3) (189 gold).
 17708 | D:14     | Bought a wand of acid (3) for 189 gold pieces
 17708 | D:14     | 17708 ||| BUYING wand of mindburst (5) (105 gold).
 17708 | D:14     | Bought a wand of mindburst (5) for 105 gold pieces
 17718 | D:14     | Reached skill level 25 in Ranged Weapons
 17909 | D:14     | HP: 11/90 [cyan ugly thing (15)]
 17910 | D:14     | 17910 ||| READING 6 scrolls of teleportation.
 17911 | D:14     | 17911 ||| DRINKING 2 potions of heal wounds.
 17912 | D:14     | 17912 ||| DRINKING potion of heal wounds.
 18114 | D:14     | Reached skill level 6 in Armour
 18139 | D:14     | Received a gift from Okawaru
 18179 | D:14     | Found a gate to the Vaults.
 18182 | D:14     | 18182 ||| INVOKING Finesse.
 18183 | D:14     | 18183 ||| INVOKING Heroism.
 18388 | D:15     | Entered Level 15 of the Dungeon
 18530 | D:15     | 18530 ||| RETREEEEATING.
 18532 | D:15     | 18532 ||| RETREEEEATING.
 18533 | D:15     | 18533 ||| RETREEEEATING.
 18534 | D:15     | 18534 ||| RETREEEEATING.
 18535 | D:15     | 18535 ||| RETREEEEATING.
 18536 | D:15     | 18536 ||| RETREEEEATING.
 18537 | D:15     | 18537 ||| RETREEEEATING.
 18538 | D:15     | 18538 ||| RETREEEEATING.
 18539 | D:15     | 18539 ||| RETREEEEATING.
 18540 | D:15     | 18540 ||| RETREEEEATING.
 18541 | D:15     | 18541 ||| RETREEEEATING.
 18712 | D:15     | Found a staircase to the Depths.
 18815 | D:15     | Received a gift from Okawaru
 18861 | D:15     | Found a sparkling altar of Nemelex Xobeh.
 19174 | D:15     | 19174 ||| PLANNING ORC
 19174 | D:15     | 19174 ||| DROPPING amulet of guardian spirit.
 19322 | Orc:1    | Entered Level 1 of the Orcish Mines
 19411 | Orc:1    | Found Kirghih's General Store.
 19430 | Orc:1    | 19430 ||| BUYING potion of curing (48 gold).
 19430 | Orc:1    | Bought a potion of curing for 48 gold pieces
 19430 | Orc:1    | 19430 ||| BUYING scroll of acquirement (832 gold).
 19430 | Orc:1    | Bought a scroll of acquirement for 832 gold pieces
 19430 | Orc:1    | 19430 ||| BUYING scroll of enchant armour (120 gold).
 19430 | Orc:1    | Bought a scroll of enchant armour for 120 gold pieces
 19430 | Orc:1    | 19430 ||| READING scroll of acquirement.
 19430 | Orc:1    | 19430 ||| ACQUIRING 549 gold pieces
 19430 | Orc:1    | Acquired 549 gold pieces
 19432 | Orc:1    | 19432 ||| READING scroll of enchant armour.
 19432 | Orc:1    | 19432 ||| ENCHANTING +1 pair of gloves.
 19514 | Orc:1    | Reached skill level 26 in Ranged Weapons
 19515 | Orc:1    | Reached XP level 16. HP: 96/96 MP: 25/25
 19516 | Orc:1    | 19516 ||| RETREEEEATING.
 19517 | Orc:1    | 19517 ||| RETREEEEATING.
 19519 | Orc:1    | 19519 ||| RETREEEEATING.
 19762 | Orc:1    | Found a runed translucent door.
 19767 | Orc:1    | Noticed Necsenou's ghost (journeyman GnWn)
 19787 | Orc:2    | Entered Level 2 of the Orcish Mines
 19816 | Orc:2    | Found a staircase to the Elven Halls.
 19825 | Orc:2    | 19825 ||| RETREEEEATING.
 19827 | Orc:2    | 19827 ||| RETREEEEATING.
 19833 | Orc:2    | Received a gift from Okawaru
 19835 | Orc:2    | 19835 ||| RETREEEEATING.
 19836 | Orc:2    | 19836 ||| RETREEEEATING.
 19838 | Orc:2    | 19838 ||| RETREEEEATING.
 19841 | Orc:2    | 19841 ||| RETREEEEATING.
 19847 | Orc:2    | 19847 ||| RETREEEEATING.
 19863 | Orc:2    | 19863 ||| RETREEEEATING.
 19864 | Orc:2    | 19864 ||| RETREEEEATING.
 19867 | Orc:2    | 19867 ||| RETREEEEATING.
 19868 | Orc:2    | 19868 ||| RETREEEEATING.
 19869 | Orc:2    | 19869 ||| RETREEEEATING.
 19870 | Orc:2    | 19870 ||| RETREEEEATING.
 19876 | Orc:2    | Received a gift from Okawaru
 19972 | Orc:2    | Found Waluec's Armour Boutique.
 19972 | Orc:2    | Found Wolia's Distillery.
 19973 | Orc:2    | Found Hesu's Assorted Antiques.
 19973 | Orc:2    | Found Rubyb Vipox's Magic Scroll Boutique.
 19984 | Orc:2    | 19984 ||| BUYING potion of curing (99 gold).
 19984 | Orc:2    | Bought a potion of curing for 99 gold pieces
 19984 | Orc:2    | 19984 ||| BUYING potion of haste (330 gold).
 19984 | Orc:2    | Bought a potion of haste for 330 gold pieces
 19984 | Orc:2    | 19984 ||| BUYING potion of heal wounds (165 gold).
 19984 | Orc:2    | Bought a potion of heal wounds for 165 gold pieces
 19984 | Orc:2    | 19984 ||| BUYING potion of might (132 gold).
 19984 | Orc:2    | Bought a potion of might for 132 gold pieces
 19984 | Orc:2    | 19984 ||| BUYING scroll of identify (66 gold).
 19984 | Orc:2    | Bought a scroll of identify for 66 gold pieces
 19985 | Orc:2    | 19985 ||| BUYING scroll of enchant weapon (97 gold).
 19985 | Orc:2    | Bought a scroll of enchant weapon for 97 gold pieces
 19985 | Orc:2    | 19985 ||| BUYING scroll of identify (26 gold).
 19985 | Orc:2    | Bought a scroll of identify for 26 gold pieces
 19985 | Orc:2    | 19985 ||| BUYING scroll of identify (26 gold).
 19985 | Orc:2    | Bought a scroll of identify for 26 gold pieces
 19985 | Orc:2    | 19985 ||| BUYING scroll of teleportation (39 gold).
 19985 | Orc:2    | Bought a scroll of teleportation for 39 gold pieces
 19986 | Orc:2    | 19986 ||| BUYING potion of curing (48 gold).
 19986 | Orc:2    | Bought a potion of curing for 48 gold pieces
 19986 | Orc:2    | 19986 ||| BUYING potion of enlightenment (80 gold).
 19986 | Orc:2    | Bought a potion of enlightenment for 80 gold pieces
 20010 | Orc:2    | Found Olel's Distillery.
 20018 | Orc:2    | 20018 ||| BUYING 2 potions of enlightenment (100 gold).
 20018 | Orc:2    | Bought 2 potions of enlightenment for 100 gold pieces
 20018 | Orc:2    | 20018 ||| BUYING 2 potions of heal wounds (100 gold).
 20018 | Orc:2    | Bought 2 potions of heal wounds for 100 gold pieces
 20018 | Orc:2    | 20018 ||| SHOPLISTING 2 potions of mutation (160 gold, have
                  | 104).
 20018 | Orc:2    | 20018 ||| BUYING potion of curing (30 gold).
 20018 | Orc:2    | Bought a potion of curing for 30 gold pieces
 20018 | Orc:2    | 20018 ||| BUYING potion of curing (30 gold).
 20018 | Orc:2    | Bought a potion of curing for 30 gold pieces
 20018 | Orc:2    | 20018 ||| BUYING potion of might (40 gold).
 20018 | Orc:2    | Bought a potion of might for 40 gold pieces
 20133 | Orc:2    | 20133 ||| RETREEEEATING.
 20135 | Orc:2    | 20135 ||| RETREEEEATING.
 20137 | Orc:2    | 20137 ||| RETREEEEATING.
 20604 | Orc:2    | 20604 ||| PLANNING SNAKE:1-3
 20797 | Snake:1  | Entered Level 1 of the Snake Pit
 20811 | Snake:1  | Found Hekaj's Weapon Shop.
 20863 | Snake:1  | Reached skill level 27 in Ranged Weapons
 21455 | Snake:1  | 21455 ||| DROPPING ring of see invisible.
 21581 | Snake:2  | Found Wuryczick's Assorted Antiques.
 21596 | Snake:2  | 21596 ||| BUYING runed ring mail (259 gold).
 21596 | Snake:2  | Bought a runed ring mail for 259 gold pieces
 21604 | Snake:2  | 21604 ||| INVOKING Finesse.
 21686 | Snake:2  | Noticed Donald
 21688 | Snake:2  | 21688 ||| INVOKING Finesse.
 21689 | Snake:2  | Killed Donald
 21741 | Snake:2  | Received a gift from Okawaru
 21863 | Snake:2  | 21863 ||| RETREEEEATING.
 21979 | Snake:2  | 21979 ||| INVOKING Finesse.
 22372 | Snake:3  | 22372 ||| INVOKING Finesse.
 22376 | Snake:3  | 22376 ||| STAIRDANCE
 22378 | Snake:3  | 22378 ||| STAIRDANCE
 22381 | Snake:2  | Received a gift from Okawaru
 22487 | Snake:3  | 22487 ||| INVOKING Finesse.
 22488 | Snake:3  | 22488 ||| STAIRDANCE
 22515 | Snake:3  | 22515 ||| STAIRDANCE
 22596 | Snake:3  | 22596 ||| INVOKING Finesse.
 22599 | Snake:3  | 22599 ||| STAIRDANCE
 22709 | Snake:3  | 22709 ||| STAIRDANCE
 22711 | Snake:3  | 22711 ||| INVOKING Finesse.
 22713 | Snake:3  | 22713 ||| STAIRDANCE
 22961 | Snake:3  | Reached skill level 9 in Armour
 22965 | Snake:3  | Found a runed translucent gate.
 22965 | Snake:3  | Found a runed translucent gate.
 22965 | Snake:3  | Found a runed translucent gate.
 23018 | Snake:3  | 23018 ||| RETREEEEATING.
 23019 | Snake:3  | 23019 ||| RETREEEEATING.
 23022 | Snake:3  | Reached XP level 17. HP: 102/102 MP: 26/26
 23022 | Snake:3  | 23022 ||| RETREEEEATING.
 23023 | Snake:3  | 23023 ||| RETREEEEATING.
 23461 | Snake:3  | Received a gift from Okawaru
 23848 | Snake:3  | 23848 ||| PLANNING SWAMP:1-3
 23994 | Swamp:1  | Entered Level 1 of the Swamp
 23995 | Swamp:1  | 23995 ||| STAIRDANCE
 24000 | Swamp:1  | 24000 ||| STAIRDANCE
 24147 | Swamp:1  | Identified the serpent talisman of Ygifruec {rF+ Str+2}
 24147 | Swamp:1  | Noticed Aizul
 24151 | Swamp:1  | Killed Aizul
 24278 | Swamp:1  | Noticed Jorgrun
 24279 | Swamp:1  | 24279 ||| RETREEEEATING.
 24281 | Swamp:1  | 24281 ||| INVOKING Finesse.
 24288 | Swamp:1  | Killed Jorgrun
 24309 | Swamp:1  | Received a gift from Okawaru
 24310 | Swamp:1  | Reached skill level 18 in Dodging
 24719 | Swamp:2  | 24719 ||| STAIRDANCE
 24723 | Swamp:2  | 24723 ||| STAIRDANCE
 24727 | Swamp:2  | 24727 ||| STAIRDANCE
 24762 | Swamp:2  | 24762 ||| STAIRDANCE
 24766 | Swamp:2  | 24766 ||| STAIRDANCE
 24770 | Swamp:2  | 24770 ||| STAIRDANCE
 24789 | Swamp:2  | 24789 ||| STAIRDANCE
 24793 | Swamp:2  | 24793 ||| STAIRDANCE
 24797 | Swamp:2  | 24797 ||| STAIRDANCE
 24801 | Swamp:2  | 24801 ||| STAIRDANCE
 24805 | Swamp:2  | 24805 ||| STAIRDANCE
 24856 | Swamp:2  | 24856 ||| STAIRDANCE
 24930 | Swamp:2  | 24930 ||| RETREEEEATING.
 24931 | Swamp:2  | 24931 ||| RETREEEEATING.
 24933 | Swamp:2  | 24933 ||| RETREEEEATING.
 24934 | Swamp:2  | 24934 ||| RETREEEEATING.
 24935 | Swamp:2  | 24935 ||| RETREEEEATING.
 24936 | Swamp:2  | 24936 ||| RETREEEEATING.
 24937 | Swamp:2  | 24937 ||| RETREEEEATING.
 24938 | Swamp:2  | 24938 ||| RETREEEEATING.
 24940 | Swamp:2  | 24940 ||| RETREEEEATING.
 24940 | Swamp:2  | HP: 22/104 [spriggan rider/+0 spear (5)]
 24941 | Swamp:2  | 24941 ||| READING 8 scrolls of teleportation.
 24942 | Swamp:2  | 24942 ||| DRINKING 4 potions of heal wounds.
 25281 | Swamp:2  | Received a gift from Okawaru
 25282 | Swamp:2  | Reached skill level 12 in Fighting
 25456 | Swamp:2  | You fall into a shaft and drop 1 floor!
 25456 | Swamp:3  | Noticed Mlioglotl
 25457 | Swamp:3  | 25457 ||| INVOKING Finesse.
 25461 | Swamp:3  | Killed Mlioglotl
 25709 | Swamp:3  | 25709 ||| Stepping ~*~*~tactically~*~*~ (cloud).
 25930 | Swamp:3  | 25930 ||| PLANNING SNAKE:4
 26121 | Snake:4  | Entered Level 4 of the Snake Pit
 26184 | Snake:4  | 26184 ||| RETREEEEATING.
 26185 | Snake:4  | 26185 ||| RETREEEEATING.
 26187 | Snake:4  | 26187 ||| RETREEEEATING.
 26188 | Snake:4  | 26188 ||| RETREEEEATING.
 26189 | Snake:4  | 26189 ||| RETREEEEATING.
 26190 | Snake:4  | 26190 ||| INVOKING Finesse.
 26191 | Snake:4  | Received a gift from Okawaru
 26285 | Snake:4  | 26285 ||| INVOKING Finesse.
 26394 | Snake:4  | 26394 ||| RETREEEEATING.
 26397 | Snake:4  | 26397 ||| INVOKING Finesse.
 26524 | Snake:4  | Noticed Louise
 26526 | Snake:4  | Killed Louise
 26529 | Snake:4  | Noticed Vashnia
 26529 | Snake:4  | 26529 ||| INVOKING Finesse.
 26532 | Snake:4  | Killed Vashnia
 26533 | Snake:4  | Reached XP level 18. HP: 92/112 MP: 21/27
 26652 | Snake:4  | Received a gift from Okawaru
 26659 | Snake:4  | 26659 ||| RETREEEEATING.
 26665 | Snake:4  | 26665 ||| ZAPPING wand of acid (10) at -4,3 (nagaraja;
                  | floor).
 26667 | Snake:4  | 26667 ||| INVOKING Finesse.
 26678 | Snake:4  | 26678 ||| FLEEEEING.
 26678 | Snake:4  | HP: 28/112 [naga ritualist/Olgreb's Toxic Radiance (1)]
 26679 | Snake:4  | 26679 ||| DRINKING 4 potions of heal wounds.
 26680 | Snake:4  | 26680 ||| FLEEEEING.
 26734 | Snake:4  | HP: 19/112 [salamander tyrant (43)]
 26735 | Snake:4  | 26735 ||| READING 7 scrolls of teleportation.
 26735 | Snake:4  | Killed from afar by a salamander tyrant

Levels and vault maps discovered:
D:1:      minmay_arrival_checkered_box, layout_basic
D:2:      layout_rooms, minmay_misc_feat_five, nicolae_hexahallways,
          uniq_crazy_yiuf_cottage, uniq_natasha, uniq_jessica
D:3:      layout_basic, gammafunk_temple_overflow_arena,
          nicolae_overflow_hidden_temple
D:4:      layout_basic, minmay_temple_entry_stoned_glass, nicolae_tricolors
D:5:      minmay_recursive_quarters, layout_loops_cross,
          mainiacjoe_overflow_catch_the_wave, st_stairs_12,
          minmay_misc_feat_nine_boxes, uniq_grinder, uniq_eustachio
D:6:      layout_loops_ring, mainiacjoe_overflow_cross_hatched,
          uniq_blork_the_orc
D:7:      layout_basic, dancing_weapons_uskayaw, enter_bailey_3, serial_shops,
          shop, minmay_starry_boxes, uniq_pikel
D:8:      layout_basic, uniq_joseph
D:9:      layout_irregular_city, orc_0_dummy, minivault_22
D:10:     layout_irregular_city
D:11:     layout_basic, erik_lair_dragon, okawaru_ov_weapons_minmay
D:12:     layout_basic
D:13:     layout_irregular_city, statue_in_the_mist_lemuel, xom_redecorated,
          uniq_josephine
D:14:     layout_irregular_city, hellmonk_vaults_keyhole,
          hangedman_abyss_or_decor_stabs, serial_column_ruins,
          column_ruins_circle_medium, column_ruins_temple_hall,
          column_ruins_open_small, column_ruins_open_large,
          column_ruins_open_small, column_ruins_grid_1, serial_shops, shop
D:15:     hangedman_depths_entry_try_elsewhere_first, layout_long_grid,
          nemelex_spade_bored_becter
Temple:   nicolae_temple_no_exploring_needed
Lair:1:   layout_small_grid
Lair:2:   regret_index_combs_of_tragedy, layout_loops_ring,
          palyth_hydra_swamp_entry, minmay_snake_entry_six_corridors,
          worms_lemuel
Lair:3:   nzn_winding_woodlands_huge [nzn_winding_woodlands_5x15_sidewinder,
          nzn_winding_woodlands_5x15_pockets, nzn_winding_woodlands_5x15_garden,
          nzn_winding_woodlands_5x15_eye, nzn_winding_woodlands_5x15_jagged,
          nzn_winding_woodlands_5x15_sawtooth, nzn_winding_woodlands_5x15_cabin,
          nzn_winding_woodlands_5x15_pathside_ponds,
          nzn_winding_woodlands_5x15_pool, nzn_winding_woodlands_5x15_twine,
          nzn_winding_woodlands_center_triple_pond,
          nzn_winding_woodlands_center_lodge,
          nzn_winding_woodlands_15x15_thick_spiral], layout_cave_pods,
          minmay_lair_oklob_bushes, kennysheep_abandoned_house
Lair:4:   layout_hall_layers, gauntlet_entry_generic, grunt_megastairs_3
Lair:5:   evilmike_catoblepas_cave, layout_regular_city,
          nicolae_slime_entry_slimehenge, uniq_rupert, uniq_urug, uniq_snorg
Swamp:1:  cheibrodos_swamp_tower_of_moss, layout_basic_swamp,
          wheals_swamp_sinkhole, swamp_pool_1_2, uniq_aizul, uniq_jorgrun
Swamp:2:  layout_basic_swamp, evilmike_swamp_ruin_house_2,
          infiniplex_staircase_pool
Swamp:3:  layout_falls_marsh, hangedman_swamp_ruin_wall, uniq_mlioglotl
Snake:1:  layout_gridlike, serial_shops, nicolae_square_shop,
          serial_library_regret_index_turning, st_stairs_5, grunt_megastairs_4
Snake:2:  layout_cave_town, serial_shops, nicolae_shop_window_shopping,
          uniq_donald
Snake:3:  layout_layer_cave, nicolae_snake_horde_hoard
Snake:4:  johnstein_snake_rune_scales, layout_basic, grunt_megastairs_2,
          uniq_vashnia, uniq_louise
Orc:1:    layout_caves, serial_shops, nicolae_diamond_shop,
          ebering_ghost_inner_flame, einodemon_barbed_minivault
Orc:2:    st_orc_ogre_mass, layout_caves, serial_shops, shop

Skill      XL: |  1  2  3  4  5  6  7  8  9 10 11 12 13 14 15 16 17 |
---------------+----------------------------------------------------+-----
Ranged Weapons | 6 7 8 9 10 11 13 16 19 22 26 27 | 27.0
Fighting       | 2 3 4 6 7 9 10 12 | 12.0
Armour         | 1 2 3 5 6 9 10 | 10.1
Dodging        | 4 5 6 9 11 15 16 17 19 | 19.9
Invocations    | 1 5 9 10 | 10.0
Stealth        | |  1.2

Action                     |  1- 3 |  4- 6 |  7- 9 | 10-12 | 13-15 | 16-18 || total
---------------------------+-------+-------+-------+-------+-------+-------++-------
   Fire: Shortbow          |    80 |    57 |       |       |       |       ||   137
         Orcbow            |       |    70 |   286 |   732 |   135 |       ||  1223
         Heavy crossbow    |       |       |       |       |   448 |   429 ||   877
 Invoke: Heroism           |       |       |     3 |     1 |     1 |       ||     5
         Finesse           |       |       |       |     9 |     6 |    14 ||    29
         Receive Weapon    |       |       |       |       |     1 |       ||     1
         Receive Armour    |       |       |       |       |     1 |       ||     1
  Evoke: Wand              |       |       |       |       |       |     1 ||     1
    Use: Scroll            |     7 |     7 |     9 |    10 |     8 |     2 ||    43
         Potion            |       |     1 |       |       |     2 |     2 ||     5
 Armour: Leather armour    |     8 |       |    41 |       |       |       ||    49
         Ring mail         |     3 |    19 |    17 |       |    17 |       ||    56
         Troll leather arm |       |       |     2 |    14 |       |       ||    16
         Robe              |       |       |       |    59 |    48 |       ||   107
         Quicksilver drago |       |       |       |       |    94 |   138 ||   232
  Dodge: Dodged            |    22 |    29 |    73 |   165 |   258 |   249 ||   796

Table legend:
 A = Non-vault XP
 B = Vault XP
 C = Vault XP percentage of total XP
 D = Non-vault monster count
 E = Vault monster count
 F = Vault count percentage of total count
                 A         B        C        D         E       F
            +---------+---------+-------+---------+---------+-------
      Total |  189202 |  117371 |  38.3 |     690 |     308 |  30.9
            +---------+---------+-------+---------+---------+-------
        D:1 |      39 |       0 |   0.0 |      19 |       0 |   0.0
        D:2 |     115 |      72 |  38.5 |      21 |       2 |   8.7
        D:3 |     130 |       0 |   0.0 |       6 |       0 |   0.0
        D:4 |     181 |       0 |   0.0 |      13 |       0 |   0.0
        D:5 |     521 |    1082 |  67.5 |      22 |      13 |  37.1
        D:6 |    1171 |      96 |   7.6 |      19 |       1 |   5.0
        D:7 |     860 |    1148 |  57.2 |      22 |      12 |  35.3
        D:8 |    1137 |     445 |  28.1 |      21 |       1 |   4.5
        D:9 |    2566 |       0 |   0.0 |      16 |       0 |   0.0
       D:10 |    4329 |       0 |   0.0 |      37 |       0 |   0.0
       D:11 |    3982 |     979 |  19.7 |      17 |       5 |  22.7
       D:12 |    3452 |       0 |   0.0 |      16 |       0 |   0.0
       D:13 |    7262 |    1763 |  19.5 |      19 |       5 |  20.8
       D:14 |   12111 |    4111 |  25.3 |      33 |       6 |  15.4
       D:15 |    7374 |    2905 |  28.3 |      12 |       4 |  25.0
     Lair:1 |    2102 |       0 |   0.0 |      10 |       0 |   0.0
     Lair:2 |    9837 |   11031 |  52.9 |      28 |      64 |  69.6
     Lair:3 |    7518 |   19899 |  72.6 |      26 |      61 |  70.1
     Lair:4 |    8729 |    5027 |  36.5 |      34 |       8 |  19.0
     Lair:5 |   12198 |   15145 |  55.4 |      45 |      34 |  43.0
    Swamp:1 |   18255 |    4705 |  20.5 |      38 |       3 |   7.3
    Swamp:2 |   11151 |       0 |   0.0 |      24 |       0 |   0.0
    Swamp:3 |    7213 |    1690 |  19.0 |      13 |       1 |   7.1
    Snake:1 |    7613 |    3530 |  31.7 |      13 |       6 |  31.6
    Snake:2 |   20329 |    1415 |   6.5 |      39 |       1 |   2.5
    Snake:3 |   14099 |     739 |   5.0 |      26 |       1 |   3.7
    Snake:4 |   17023 |   20573 |  54.7 |      33 |      30 |  47.6
      Orc:1 |    3761 |    2693 |  41.7 |      30 |       9 |  23.1
      Orc:2 |    4144 |   15579 |  79.0 |      38 |      35 |  47.9
   Gauntlet |       0 |    2744 | 100.0 |       0 |       6 | 100.0
            +---------+---------+-------+---------+---------+-------
